 Dungeon Crawl Stone Soup version 0.24.0-123-gd5b16e6ec5 (webtiles) character file.

Game seed: 12451042726961763383, levelgen mode: deterministic

8036 xe267 the Thaumaturge (level 11, -4/56 HPs)
             Began as a Deep Elf Conjurer on Jan 2, 2020.
             Was a Priest of Sif Muna.
             Slain by a yak (13 damage)
             ... on level 1 of the Lair of Beasts on Jan 3, 2020.
             The game lasted 01:07:08 (13612 turns).

xe267 the Thaumaturge (Deep Elf Conjurer)          Turns: 13612, Time: 01:07:08

Health: -4/56      AC:  7    Str: 13    XL:     11   Next: 4%
Magic:  8/29       EV: 18    Int: 24    God:    Sif Muna [***...]
Gold:   626        SH:  0    Dex: 15    Spells: 5/35 levels left

rFire    + . .     SeeInvis .   m - +7 dagger of the Establishment {speed, rC- Str+8}
rCold    . . .     Gourm    .   (no shield)
rNeg     . . .     Faith    .   a - +1 robe
rPois    .         Spirit   .   (no helmet)
rElec    .         Reflect  .   I - scarf {rC+ rF+}
rCorr    .         Harm     .   L - +0 pair of gloves
MR       ++...                  E - +2 pair of boots
Stlth    +++.......             l - amulet of magic regeneration
HPRegen  0.18/turn              u - ring of protection from magic
MPRegen  0.46/turn              o - +3 ring of evasion

@: no status effects
A: no striking features
a: Channel Magic, Forget Spell, Renounce Religion


You were on level 1 of the Lair of Beasts.
You worshipped Sif Muna.
Sif Muna was most pleased with you.
You were not hungry.

You visited 4 branches of the dungeon, and saw 13 of its levels.
You also visited: Ossuary.

You collected 626 gold pieces.

Inventory:

Hand Weapons
 b - a +0 short sword
 m - the +7 dagger of the Establishment (weapon) {speed, rC- Str+8}
   (You took it off an orc wizard on level 7 of the Dungeon)

   Attacks with this weapon are significantly faster.
   It affects your strength (+8).
   It makes you vulnerable to cold.
 p - a +1 short sword of speed
 x - a +2 dagger of venom
Armour
 a - a +1 robe (worn)
 i - a +1 cloak
 E - a +2 pair of boots (worn)
 I - a scarf of resistance (worn)
 J - +0 steam dragon scales
 L - a +0 pair of gloves (worn)
Jewellery
 h - an uncursed ring of flight
 l - an amulet of magic regeneration (around neck)
 o - a +3 ring of evasion (right hand)
 s - an uncursed amulet of faith
 u - a ring of protection from magic (left hand)
 y - a +5 ring of slaying
 K - the ring "Seis" {Ice rElec}
   (You found it on level 8 of the Dungeon)

   [ring of ice]

   It enhances your ice magic.
   It makes you vulnerable to fire.
   It protects you from cold.
   It insulates you from electricity.
Wands
 w - a wand of scattershot (5)
 D - a wand of iceblast (9)
 H - a wand of polymorph (19)
Scrolls
 d - 3 scrolls of magic mapping
 e - 12 scrolls of identify
 f - 4 scrolls of remove curse
 k - 2 scrolls of blinking
 n - a scroll of vulnerability {unknown}
 q - 3 scrolls of teleportation
 C - a scroll of holy word {unknown}
 G - 2 scrolls of fog {unknown}
 M - 4 scrolls of enchant weapon {unknown}
 N - a scroll of silence {unknown}
 O - a scroll of noise {unknown}
Potions
 g - 3 potions of flight
 j - a potion of might
 r - 4 potions of curing
 t - a potion of heal wounds
 v - 2 potions of haste
 z - 2 potions of agility
 A - a potion of brilliance
 B - a potion of mutation {unknown}
 F - a potion of invisibility {unknown}
 Q - a potion of ambrosia
Comestibles
 c - 14 rations


   Skills:
 + Level 1.0 Fighting
 + Level 5.6 Dodging
 + Level 5.1 Stealth
 + Level 12.9 Spellcasting
 + Level 11.7 Conjurations
 + Level 9.5 Hexes
 + Level 1.3 Fire Magic


You had 5 spell levels left.
You knew the following spells:

 Your Spells              Type           Power        Failure   Level  Hunger
a - Magic Dart            Conj           ####         1%          1    None
b - Searing Ray           Conj           ######       1%          2    None
c - Dazzling Spray        Conj/Hex       ######       1%          3    None
d - Iskenderun's Mystic   Conj           ######..     1%          4    None
e - Fulminant Prism       Conj/Hex       ######....   1%          4    None
f - Conjure Flame         Conj/Fire      #####...     1%          3    None
g - Ensorcelled Hibernat  Hex/Ice        #####.       1%          2    None
h - Confuse               Hex            ######..     1%          3    None
i - Gell's Gravitas       Tloc           ###.......   12%         3    None
j - Yara's Violent Unrav  Hex/Tmut       #####.....   16%         5    ###....

Your spell library contained the following spells:

 Spells                   Type           Power        Failure   Level  Hunger
 Confusing Touch          Hex            ######       1%          1    None
 Corona                   Hex            ######.      1%          1    None
 Slow                     Hex            ######..     1%          2    None
 Tukima's Dance           Hex            ######..     1%          3    None
 Mephitic Cloud           Conj/Pois/Air  ####....     2%          3    None
 Force Lance              Conj/Tloc      #####...     3%          4    None
 Blink                    Tloc           N/A          6%          2    None
 Call Imp                 Summ           ###.....     6%          2    None
 Metabolic Englaciation   Hex/Ice        #####.....   16%         5    ###....
 Petrify                  Tmut/Erth      ###.....     36%         4    None


Dungeon Overview and Level Annotations

Branches:
Dungeon (10/15)            Temple (1/1) D:6            Lair (1/6) D:9
    Orc (1/2) D:9         Ossuary (visited)

Altars:
Ashenzari
Cheibriados
Dithmenos
Elyvilon
Fedhas
Gozag
Hepliaklqana
Kikubaaqudgha
Makhleb
Nemelex Xobeh
Okawaru
Qazlal
Ru
Sif Muna
Trog
Uskayaw
Vehumet
Wu Jian
Xom
Yredelemnul
Zin
The Shining One

Shops:
D:9 [}!   Orc:1 :


Message History

Confirm with . or Enter, or press ? or * to list all spells.
Aiming: Iskenderun's Mystic Blast (safe; 1% risk of failure)
Press: ? - help, Shift-Dir - straight line, f/p - yak
Aim: a yak (almost dead, blind)
The orb of energy hits the yak!
You kill the yak!
Sif Muna accepts your kill.
The orb of energy explodes!
You hear a roar!
The yak is no longer blind.
The yak misses you. The yak barely misses you.
Casting: Iskenderun's Mystic Blast (safe; 1% risk of failure)
Confirm with . or Enter, or press ? or * to list all spells.
Aiming: Dazzling Spray (safe; 1% risk of failure)
Press: ? - help, Shift-Dir - straight line, f - yak
Aim: a yak (moderately wounded)
The spray of energy hits the yak!
The yak is severely wounded.
The yak is dazzled.
The yak completely misses you. The yak closely misses you. The yak gores you!
You die...

.|.. ....#. ...
....P. . #..
......
..###..##....#.
...............
...............
.......Y.......
..$...†@.......
..%.....Y......
...............
..#.###..##....
. # .### ..# .
.# . # ..


You could see 2 yaks.

Vanquished Creatures
  Harold (D:9)
  Maurice (D:9)
  A komodo dragon (D:9)
  2 trolls (D:9)
  Prince Ribbit (D:9)
  3 yaks (Lair:1)
  2 steam dragons (D:7)
  A hungry ghost (D:9)
  3 phantoms
  5 ice beasts
  An orc warrior (D:9)
  A swamp drake (D:9)
  4 sky beasts
  5 ogres
  3 wolves (D:9)
  3 centaurs
  Blork the orc (D:6)
  2 bullfrogs (D:7)
  10 scorpions
  11 killer bees (D:7)
  A howler monkey (D:4)
  4 wights (D:9)
  2 electric eels (D:9)
  5 crimson imps
  3 centaur zombies
  A human zombie (Ossuary)
  5 hounds
  A jelly (D:7)
  A bullfrog skeleton (D:7)
  A gnoll shaman (D:3)
  4 orc priests
  Crazy Yiuf (D:7)
  3 iguanas
  6 worker ants
  10 orc wizards
  A killer bee zombie (D:9)
  3 mummies (Ossuary)
  A hound zombie (D:7)
  A worker ant zombie (D:5)
  Robin (D:4)
  6 gnolls
  8 adders
  8 river rats (D:5)
  5 scorpion zombies (Ossuary)
  2 shadow imps
  6 oozes
  An adder skeleton (D:4)
  3 worms
  3 dart slugs
  5 leopard geckos
  25 orcs
  8 giant cockroaches
  12 goblins
  11 hobgoblins
  12 jackals
  13 quokkas
  2 ball pythons (D:3)
  A ball python zombie (D:6)
  9 bats
  3 frilled lizards
  A giant cockroach zombie (D:5)
  2 gnoll zombies (Ossuary)
  4 goblin zombies (Ossuary)
  A hobgoblin zombie (Ossuary)
  10 kobolds
  A leopard gecko skeleton (D:6)
  4 orc zombies (Ossuary)
  25 rats
  A fungus (Lair:1)
308 creatures vanquished.

Vanquished Creatures (others)
  26 fulminant prisms
  7 fungi (D:7)
33 creatures vanquished.

Grand Total: 341 creatures vanquished

Notes
Turn   | Place    | Note
-------+----------+-------------------------------------------
     0 | D:1      | xe267 the Deep Elf Conjurer began the quest for the Orb.
     0 | D:1      | Reached XP level 1. HP: 10/10 MP: 6/6
   202 | D:1      | Reached XP level 2. HP: 15/15 MP: 0/8
   206 | D:1      | Learned a level 2 spell: Searing Ray
   955 | D:2      | Reached skill level 5 in Conjurations
  1192 | D:2      | Reached XP level 3. HP: 19/19 MP: 6/9
  1653 | D:2      | Reached XP level 4. HP: 19/24 MP: 6/11
  1658 | D:2      | Learned a level 3 spell: Dazzling Spray
  2057 | D:2      | Reached skill level 4 in Spellcasting
  2442 | D:3      | Reached skill level 1 in Hexes
  2705 | D:3      | Reached XP level 5. HP: 27/28 MP: 9/13
  3272 | D:4      | Noticed a phantom
  3306 | D:4      | Noticed Robin
  3319 | D:4      | Found a sand-covered staircase.
  3325 | Ossuary  | Entered an ossuary
  3521 | Ossuary  | Reached XP level 6. HP: 32/32 MP: 6/15
  3683 | Ossuary  | Reached skill level 5 in Spellcasting
  4147 | Ossuary  | Reached XP level 7. HP: 36/36 MP: 11/17
  4679 | Ossuary  | Reached skill level 6 in Spellcasting
  5024 | D:4      | Reached skill level 5 in Hexes
  5024 | D:4      | Reached XP level 8. HP: 41/41 MP: 15/20
  5028 | D:4      | Reached skill level 7 in Spellcasting
  5054 | D:4      | Killed Robin
  5118 | D:4      | Learned a level 4 spell: Iskenderun's Mystic Blast
  5123 | D:4      | Learned a level 4 spell: Fulminant Prism
  5930 | D:5      | Entered Level 5 of the Dungeon
  6338 | D:5      | Reached skill level 8 in Spellcasting
  6389 | D:5      | Learned a level 3 spell: Conjure Flame
  6852 | D:5      | Found a bloodstained altar of Trog.
  6997 | D:5      | Reached skill level 9 in Spellcasting
  7554 | D:5      | Reached XP level 9. HP: 37/45 MP: 11/24
  7814 | D:6      | Found a shimmering altar of Xom.
  7817 | D:6      | Noticed Blork the orc
  7824 | D:6      | Killed Blork the orc
  8059 | D:6      | Found a staircase to the Ecumenical Temple.
  8091 | Temple   | Entered the Ecumenical Temple
  8483 | Temple   | Became a worshipper of Sif Muna the Loreminder
  9419 | D:7      | Reached skill level 10 in Spellcasting
  9544 | D:7      | Found an opulent altar of Gozag.
  9613 | D:7      | Identified the +7 dagger of the Establishment {speed, rC-
                  | Str+8}
  9843 | D:7      | Reached * piety under Sif Muna
  9843 | D:7      | Reached skill level 10 in Conjurations
  9855 | D:7      | Found a runed translucent door.
  9856 | D:7      | Noticed Crazy Yiuf
 10605 | D:7      | Killed Crazy Yiuf
 10605 | D:7      | Reached skill level 11 in Spellcasting
 10862 | D:8      | Reached XP level 10. HP: 51/51 MP: 14/27
 11255 | D:8      | Got a fine pewter ring
 11257 | D:8      | Identified the ring "Seis" {Ice rElec} (You found it on
                  | level 8 of the Dungeon)
 11506 | D:9      | Noticed Maurice
 11521 | D:9      | Reached ** piety under Sif Muna
 11533 | D:9      | Reached skill level 1 in Fire Magic
 11543 | D:9      | HP: 2/51 [acid (11)]
 11831 | D:9      | Noticed Prince Ribbit
 11838 | D:9      | Killed Prince Ribbit
 11838 | D:9      | Reached skill level 5 in Dodging
 11940 | D:10     | Entered Level 10 of the Dungeon
 12127 | D:9      | Reached skill level 5 in Stealth
 12135 | D:9      | Reached skill level 12 in Spellcasting
 12291 | D:9      | Found a staircase to the Lair.
 12309 | D:9      | Found Typont's Distillery.
 12436 | D:9      | Noticed Harold
 12444 | D:9      | Killed Harold
 12515 | D:9      | Found Xiulolie's Gadget Shoppe.
 12619 | D:9      | Killed Maurice
 12619 | D:9      | Reached skill level 1 in Fighting
 12803 | D:9      | Found Vusylism's Armour Emporium.
 13311 | D:9      | Found a staircase to the Orcish Mines.
 13334 | D:9      | Reached *** piety under Sif Muna
 13428 | Orc:1    | Entered Level 1 of the Orcish Mines
 13435 | Orc:1    | Found Mutz's Book Boutique.
 13442 | Orc:1    | Noticed a two-headed ogre
 13460 | D:9      | Learned a level 2 spell: Ensorcelled Hibernation
 13464 | D:9      | Learned a level 3 spell: Confuse
 13468 | D:9      | Learned a level 3 spell: Gell's Gravitas
 13474 | D:9      | Learned a level 5 spell: Yara's Violent Unravelling
 13536 | Lair:1   | Entered Level 1 of the Lair of Beasts
 13541 | Lair:1   | Reached XP level 11. HP: 56/56 MP: 17/29
 13612 | Lair:1   | Slain by a yak

Levels and vault maps discovered:
D:1:      minmay_arrival_diagonal_passages, layout_basic
D:2:      layout_basic, minmay_tromino_v4_c
D:3:      layout_basic, minmay_pentangle
D:4:      minmay_general_purpose_star, layout_gridville,
          nicolae_ossuary_entry_plus, uniq_robin
D:5:      lemuel_ratsnest, layout_basic, first_ration, basic_altar,
          minmay_a_box_with_orc_wizards_in_it
D:6:      layout_layer_cave, minmay_temple_entry_statues_fountains, basic_altar,
          uniq_blork_the_orc
D:7:      kennysheep_steamy, layout_loops_ring, lemuel_doored_altar,
          uniq_crazy_yiuf_cottage
D:8:      layout_rooms
D:9:      layout_roguey, erik_lair_island, erik_orc_1, serial_shops,
          shop_fountains, nicolae_shop_stone, nicolae_shop_stone,
          kennysheep_little_box, uniq_maurice, uniq_harold, uniq_prince_ribbit1
D:10:     layout_roguey, hangedman_ranch [blue_anna_fruit_fields]
Temple:   regret_index_temple_sigil_plot
Lair:1:   layout_regular_city, gammafunk_ghost_wrathful_warriors, st_stairs_10,
          uniq_sonja
Orc:1:    layout_diamond_mine, serial_shops, shop, basic_altar,
          guppyfry_orc_lava_fort, uniq_erolcha

Skill      XL: |  1  2  3  4  5  6  7  8  9 10 |
---------------+-------------------------------+-----
Conjurations   | 5 6 7 8 10 11 | 11.7
Spellcasting   | 4 5 6 9 11 12 | 12.9
Hexes          | 1 2 3 5 6 8 9 |  9.5
Stealth        | 4 5 |  5.1
Dodging        | 3 4 5 |  5.6
Fire Magic     | 1 |  1.3
Fighting       | 1 |  1.0

Action                   |  1- 3 |  4- 6 |  7- 9 | 10-12 || total
-------------------------+-------+-------+-------+-------++-------
Melee: Short sword       |       |     4 |       |       ||     4
       Dagger            |       |       |     2 |       ||     2
 Cast: Magic Dart        |    61 |    84 |   145 |    53 ||   343
       Searing Ray       |     4 |    28 |    51 |    17 ||   100
       Dazzling Spray    |       |    35 |    69 |    63 ||   167
       Fulminant Prism   |       |       |    15 |    11 ||    26
       Conjure Flame     |       |       |    14 |     6 ||    20
       Iskenderun's Myst |       |       |    12 |    35 ||    47
       Gell's Gravitas   |       |       |       |     2 ||     2
  Use: Scroll            |     3 |     4 |     9 |     1 ||    17
       Potion            |     1 |     4 |     7 |       ||    12
  Eat: Chunk             |     2 |     7 |    17 |     5 ||    31
       Ration            |       |     1 |     1 |     1 ||     3
Armor: Robe              |       |     6 |    17 |     9 ||    32
Dodge: Dodged            |     4 |    43 |    74 |    88 ||   209
